 Dungeon Crawl Stone Soup version 0.30.0 (webtiles) character file.

Game seed: 8744517910187296754

230 GeoRichter the Cudgeller (level 5, 48/48 HPs)
             Began as an Armataur Monk on May 6, 2023.
             Quit the game on level 3 of the Dungeon.
             The game lasted 00:03:47 (2053 turns).

GeoRichter the Cudgeller (Armataur Monk)            Turns: 2053, Time: 00:03:48

Health: 48/48      AC:  7    Str: 22    XL:     5   Next: 72%
Magic:  5/5        EV:  9    Int:  9    God:
Gold:   131        SH:  3    Dex: 12    Spells: 4/4 levels left

rFire   . . .        a - +0 mace
rCold   . . .        h - +0 buckler
rNeg    . . .        n - +0 ring mail
rPois   .            (no helmet)
rElec   .            (no cloak)
rCorr   .            (no gloves)
SInv    .            (no barding)
Will    .....        (no amulet)
Stlth   +            (no ring)
HPRegen 0.28/turn    (no ring)
MPRegen 0.09/turn

%: random rage (3%), roll
@: no status effects
A: large, rugged brown scales 3, deformed body, armoured tail, roll, long
tongue, awkward tongue, iridescent scales 1, berserk 1, strong 1, inability to
drink after injury 1
a: no special abilities


You were on level 3 of the Dungeon.
You visited 1 branch of the dungeon, and saw 3 of its levels.

You collected 131 gold pieces.

Inventory:

Hand Weapons
 a - a +0 mace (weapon)
Missiles
 e - a throwing net
 s - 6 poisoned darts (quivered)
Armour
 d - an orb of light
 h - a +0 buckler (worn)
 n - a +0 ring mail (worn)
Jewellery
 m - a ring of willpower
 v - a ring of protection from cold
Scrolls
 b - a scroll of teleportation {unknown}
 j - a scroll of fear {unknown}
 k - a scroll of immolation {unknown}
 l - 5 scrolls of identify {unknown}
 o - a scroll of amnesia {unknown}
 q - a scroll of vulnerability {unknown}
 t - a scroll of blinking {unknown}
 u - a scroll of poison {unknown}
Potions
 c - a potion of ambrosia
 g - a potion of attraction {unknown}
 i - a potion of brilliance {unknown}
 p - a potion of heal wounds {unknown}
 r - a potion of invisibility {unknown}


   Skills:
 + Level 3.6 Fighting
 * Level 5.3 Maces & Flails
 - Level 2.3 Dodging


You had 4 spell levels left.
You didn't know any spells.
Your spell library contained the following spells:

 Spells                   Type           Power      Damage    Failure   Level
 Shock                    Conj/Air       0%         1d3       63%         1
 Inner Flame              Hex/Fire       0%         N/A       94%         3
 Swiftness                Air            0%         N/A       94%         3
 Airstrike                Air            0%         2d(0-16)  100%        4
 Flame Wave               Conj/Fire      0%         2d4       100%        4
 Sticky Flame             Conj/Fire      0%         2d3       100%        4


Dungeon Overview and Level Annotations

Branches:
Dungeon (3/15)

Altars:


Innate Abilities, Weirdness & Mutations

You are completely covered in rugged brown scales. (AC +3, +7% HP)
Armour fits poorly on your strangely shaped body.
You have a long armoured tail.
You roll when moving toward enemies. (Rampage)
Your long tongue fully drains potion bottles. (2x potion effects)
Your tongue gives you trouble enunciating. (1.5x scroll delay)
You are partially covered in iridescent scales. (AC +2)
You sometimes lose your temper in combat.
Your muscles are strong. (Str +4, Int/Dex -1)
You occasionally lose the ability to drink potions when taking damage.


Message History

You kill the adder!
No target in view!
There is an open door here.
A frilled lizard comes into view.
The frilled lizard hisses angrily.
A frilled lizard is nearby!
A frilled lizard is nearby!
A rat comes into view.
You roll towards the frilled lizard!
You sock the frilled lizard!
You kill the frilled lizard!
You roll towards the rat!
Found 4 stones.
You hit the rat.
You kill the rat!
No target in view!
No target in view!
No target in view!
No target in view!
No target in view!
No target in view!
No target in view!
No target in view!
No target in view!
No target in view!
No target in view!
No target in view!
No target in view!
No target in view!
No target in view!
No target in view!
No target in view!
No target in view!
No target in view!
You see here 4 stones.
A frilled lizard comes into view.
The frilled lizard hisses angrily.
A frilled lizard is nearby!
A frilled lizard is nearby!
Saving game... please wait.
Welcome back, GeoRichter the Armataur Monk.
Press ? for a list of commands and other information.
Are you sure you want to abandon this character and quit the game? (Confirm with "yes".)

.....#'#... #
........####.#
#.#..........#
###.#.........#
#......(......#
#.....##......#
#.....##....#...
#.....#.........
#.....#@######..
#.....#....l.+ .
###+#.########..
#.##.......#
###.##.......#
#............#
####............#
.................#
####
#####............#
....


You could see a frilled lizard.

Vanquished Creatures
  A scorpion (D:3)
  A hound (D:3)
  Jessica (D:2)
  4 gnolls (D:3)
  2 adders
  3 dart slugs (D:1)
  3 orcs (D:3)
  5 ball pythons (D:1)
  2 endoplasms
  A giant cockroach (D:2)
  A goblin (D:1)
  8 hobgoblins
  A jackal (D:2)
  2 quokkas
  5 bats
  6 frilled lizards
  8 kobolds
  5 rats
59 creatures vanquished.

Notes
Turn   | Place    | Note
-------+----------+-------------------------------------------
     0 | D:1      | GeoRichter the Armataur Monk began the quest for the Orb.
     0 | D:1      | Reached XP level 1. HP: 19/19 MP: 1/1
   140 | D:1      | Reached XP level 2. HP: 26/26 MP: 2/2
   161 | D:1      | Reached skill level 3 in Maces & Flails
   875 | D:1      | Reached XP level 3. HP: 33/33 MP: 3/3
  1281 | D:2      | Noticed Jessica
  1283 | D:2      | Killed Jessica
  1284 | D:2      | Reached skill level 4 in Maces & Flails
  1284 | D:2      | Reached XP level 4. HP: 40/40 MP: 4/4
  1435 | D:3      | Found a faded altar of an unknown god.
  1597 | D:3      | Noticed a scorpion
  1607 | D:3      | Killed a scorpion
  1608 | D:3      | Reached XP level 5. HP: 16/48 MP: 5/5
  1743 | D:3      | Gained mutation: You are frail. (-10% HP) [potion of
                  | mutation]
  1743 | D:3      | Lost mutation: You are frail. (-10% HP) [potion of
                  | mutation]
  1743 | D:3      | Gained mutation: You are agile. (Dex +4, Str/Int -1)
                  | [potion of mutation]
  1743 | D:3      | Gained mutation: Your body sometimes deteriorates upon
                  | taking damage. [potion of mutation]
  1743 | D:3      | Gained mutation: You have an increased reservoir of magic.
                  | (+10% MP) [potion of mutation]
  1743 | D:3      | Gained mutation: Your system is resistant to poisons.
                  | (rPois) [potion of mutation]
  1746 | D:3      | Reached skill level 5 in Maces & Flails
  1765 | D:3      | Lost mutation: Your system is resistant to poisons. (rPois)
                  | [potion of mutation]
  1765 | D:3      | Lost mutation: You are agile. (Dex +4, Str/Int -1) [potion
                  | of mutation]
  1765 | D:3      | Lost mutation: You have an increased reservoir of magic.
                  | (+10% MP) [potion of mutation]
  1765 | D:3      | Lost mutation: Your body sometimes deteriorates upon taking
                  | damage. [potion of mutation]
  1765 | D:3      | Gained mutation: You are partially covered in iridescent
                  | scales. (AC +2) [potion of mutation]
  1765 | D:3      | Gained mutation: You sometimes lose your temper in combat.
                  | [potion of mutation]
  1765 | D:3      | Gained mutation: You occasionally lose the ability to drink
                  | potions when taking damage. [potion of mutation]
  1765 | D:3      | Gained mutation: Your muscles are strong. (Str +4, Int/Dex
                  | -1) [potion of mutation]
  2053 | D:3      | Quit the game

Illustrated notes

Levels and vault maps discovered:
D:1:      ebering_hopf_link, layout_basic, minmay_heptomino_d4
D:2:      cheibrodos_old_hovel, layout_rooms, uniq_jessica
D:3:      layout_basic, marbit_many_paths, serial_glass, glass_columns_c,
          glass_columns_c, dreamdust_ecumenical_altar_grove, minmay_unequal

Skill      XL: |  1  2  3  4  5 |
---------------+----------------+-----
Maces & Flails | 3 4 5 |  5.3
Fighting       | 3 |  3.6
Dodging        | |  2.3

Action                     |  1- 3 |  4- 6 || total
---------------------------+-------+-------++-------
  Melee: Mace              |    87 |    59 ||   146
         Tailslap          |     6 |     4 ||    10
  Throw: Dart              |     1 |       ||     1
    Use: Potion            |       |     4 ||     4
 Armour: Robe              |    11 |       ||    11
         Ring mail         |    14 |    15 ||    29
  Dodge: Dodged            |    33 |    49 ||    82
  Block: Buckler           |     3 |    12 ||    15
